 Dungeon Crawl Stone Soup version 0.29.0-13-gc9e81de378 (webtiles) character file.

Game seed: 14517097359480410812

177 vvl the Stinger (level 5, -2/35 (37) HPs)
             Began as a Demonspawn Venom Mage on Sept 8, 2022.
             Slain by a wight
             ... wielding a +3 falchion
              (12 damage)
             ... on level 4 of the Dungeon.
             The game lasted 00:07:42 (5707 turns).

vvl the Stinger (Demonspawn Venom Mage)             Turns: 5707, Time: 00:07:42

HP:   -2/35 (37)    AC:  2    Str:  8    XL:     5   Next: 30%
MP:   8/8           EV: 16    Int: 24    God:
Gold: 246           SH:  0    Dex: 16    Spells: 8/9 levels left

rFire   . . .      SeeInvis .   x - +0 flail
rCold   . . .      Faith    .   (no shield)
rNeg    . . .      Spirit   .   a - +0 robe
rPois   .          Reflect  .   (no helmet)
rElec   .          Harm     .   (no cloak)
rCorr   .          Rampage  .   (no gloves)
Will    .....                   (no boots)
Stlth   +++.......              (no amulet)
HPRegen 0.11/turn               o - +6 ring of intelligence
MPRegen 0.22/turn               q - +4 ring of evasion

@: drained
A: thin skeletal structure 1, magic regeneration, weakness stinger 1
a: no special abilities


You were on level 4 of the Dungeon.
You visited 1 branch of the dungeon, and saw 4 of its levels.

You collected 246 gold pieces.

Inventory:

Hand Weapons
 c - a +0 short sword
 x - a +0 flail (weapon)
Armour
 a - a +0 robe (worn)
Magical Staves
 e - a staff of poison
 m - a staff of air
Jewellery
 o - a +6 ring of intelligence (left hand)
 q - a +4 ring of evasion (right hand)
Scrolls
 d - a scroll of acquirement {unknown}
 f - 3 scrolls of enchant weapon {unknown}
 h - a scroll of amnesia {unknown}
 i - 2 scrolls of magic mapping {unknown}
 j - a scroll of enchant armour {unknown}
 l - a scroll of blinking {unknown}
 p - 4 scrolls of identify {unknown}
 t - 2 scrolls of brand weapon {unknown}
 u - a scroll of immolation {unknown}
 v - a scroll of summoning {unknown}
Potions
 b - 2 potions of magic
 g - 7 potions of curing {unknown}
 k - a potion of mutation {unknown}
 n - 3 potions of attraction {unknown}
 r - a potion of might {unknown}
 s - a potion of invisibility {unknown}
 w - a potion of lignification {unknown}


   Skills:
 + Level 1.4 Fighting
 + Level 2.2 Dodging
 + Level 2.4 Stealth
 + Level 2.6 Spellcasting
 + Level 1.4 Conjurations
 + Level 1.8 Transmutations
 + Level 1.3 Fire Magic
 + Level 3.5 Poison Magic


You had 8 spell levels left.
You knew the following spells:

 Your Spells              Type           Power      Damage    Failure   Level
a - Sting                 Tmut/Pois      64%        1d6       3%          1

Your spell library contained the following spells:

 Spells                   Type           Power      Damage    Failure   Level
 Poisonous Vapours        Pois/Air       22%        N/A       9%          2
 Apportation              Tloc           6%         N/A       12%         1
 Necrotise                Necr           12%        1d4       12%         1
 Summon Small Mammal      Summ           12%        N/A       12%         1
 Static Discharge         Conj/Air       6%         3-4/arc   13%         2
 Mephitic Cloud           Conj/Pois/Air  11%        N/A       17%         3
 Olgreb's Toxic Radiance  Pois           20%        N/A       26%         4
 Lightning Bolt           Conj/Air       3%         1d14      93%         5
 Ozocubu's Refrigeration  Ice            1%         4d7       100%        7
 Ignition                 Fire           4%         3d4       100%        8
 Maxwell's Capacitive Co  Air            1%         ∞         100%        8


Dungeon Overview and Level Annotations

Branches:
Dungeon (4/15)
 Temple: D:4-7

Altars:

Shops:
D:1 :


Innate Abilities, Weirdness & Mutations

You have a somewhat thin skeletal structure. (Dex +2, Stealth+)
You regenerate magic rapidly.
You have a small tail.


Message History

There is a stone staircase leading down here.
You open the door.
There is an open door here.
You see here a quokka skeleton.
There is an open door here.
There is an open door here.
There is an open door here.
There is an open door here.
As you open the door, it creaks loudly!
There is an open door here.
There is an open door here.
You see here 5 stones.
You see here 5 stones.
You see here a +0 flail.
x - a +0 flail
x - a +0 flail (weapon)
You open the door.
Found 6 gold pieces.
Found a black potion.
There is an open door here.
Found a smoky clear potion.
A goblin comes into view. It is wielding a +0 club.
You see here 6 gold pieces.
There is an open door here.
There is an open door here.
There is an open door here.
There is an open door here.
There is a stone staircase leading down here.
The wight hits you with a +3 falchion!
You feel drained.
You hit the wight but do no damage. The wight closely misses you.
You hit the wight but do no damage. Your punch misses the wight.
The wight closely misses you. x2
You closely miss the wight. The wight hits you but does no damage.
You closely miss the wight. The wight completely misses you.
The wight hits you with a +3 falchion!
* * * LOW HITPOINT WARNING * * *
You hit the wight but do no damage.
You tail-slap the wight, but do no damage.
The wight hits you with a +3 falchion!
You die...

#.# #.. #.# #.# .z.
#z# .# #z# #.# #@#
#.# #.#######.#
######...÷...#.#
+....>####.###.# #
#####..........#.#
######.####.....#.#
#.................#
#.###......####.###
#......# #.###


You could see 3 wights.

Vanquished Creatures
  A howler monkey (D:4)
  4 gnolls (D:3)
  3 adders
  A worm (D:2)
  2 dart slugs
  6 orcs (D:3)
  4 ball pythons
  An endoplasm (D:1)
  5 giant cockroaches
  2 goblins
  6 hobgoblins
  6 jackals
  A kobold (D:2)
  4 quokkas
  5 bats
  7 frilled lizards
  4 rats (D:2)
62 creatures vanquished.

Notes
Turn   | Place    | Note
-------+----------+-------------------------------------------
     0 | D:1      | vvl the Demonspawn Venom Mage began the quest for the Orb.
     0 | D:1      | Reached XP level 1. HP: 13/13 MP: 3/3
    75 | D:1      | Found Valaseg's Book Emporium.
   100 | D:1      | Reached skill level 1 in Transmutations
   495 | D:1      | Gained mutation: You have a small tail. [demonic ancestry]
   495 | D:1      | Reached XP level 2. HP: 19/19 MP: 1/5
   852 | D:1      | Found a faded altar of an unknown god.
  1718 | D:2      | Reached XP level 3. HP: 20/25 MP: 3/6
  2093 | D:2      | Reached skill level 1 in Fire Magic
  2604 | D:2      | Reached skill level 1 in Conjurations
  3467 | D:3      | Gained mutation: You regenerate magic rapidly. [demonic
                  | ancestry]
  3467 | D:3      | Reached XP level 4. HP: 27/31 MP: 0/7
  3915 | D:3      | Reached skill level 1 in Fighting
  5295 | D:4      | Gained mutation: You have a somewhat thin skeletal
                  | structure. (Dex +2, Stealth+) [demonic ancestry]
  5295 | D:4      | Reached XP level 5. HP: 37/37 MP: 3/8
  5707 | D:4      | Slain by a wight

Illustrated notes

Levels and vault maps discovered:
D:1:      minmay_arrival_split_and_join, layout_basic, serial_shops, shop,
          chequers_ecumenical_altar_twisty, chequers_big_river, minivault_26,
          hangedman_abyss_or_decor_stabs
D:2:      layout_basic, wander_ebering_terrifying_dragon_lair
D:3:      layout_loops_ring, grunt_ministairs_6, hangedman_decor_riveting
D:4:      cheibrodos_barr_body, layout_basic, kennysheep_mini_moat,
          gammafunk_ghost_grave, st_stairs_5

Skill      XL: |  1  2  3  4 |
---------------+-------------+-----
Transmutations | 1 |  1.8
Stealth        | 2 |  2.4
Dodging        | 2 |  2.2
Fire Magic     | 1 |  1.3
Conjurations   | 1 |  1.4
Fighting       | 1 |  1.4
Spellcasting   | |  2.6
Poison Magic   | |  3.5

Action                   |  1- 3 |  4- 6 || total
-------------------------+-------+-------++-------
Melee: Unarmed           |    12 |       ||    12
       Short sword       |     7 |       ||     7
       Staff             |    42 |    15 ||    57
       Tailslap          |     6 |     1 ||     7
       Flail             |       |     5 ||     5
 Cast: Sting             |    59 |    48 ||   107
 Stab: Sleeping          |     3 |       ||     3
Armor: Robe              |    18 |     9 ||    27
Dodge: Dodged            |    70 |    36 ||   106
